 Dungeon Crawl Stone Soup version 0.19-a0-1834-g6b7851e (console) character file.

114 brucemayne the Chopper (level 4, 0/39 HPs)
             Began as a Hill Orc Monk on Oct 8, 2016.
             Slain by a centaur skeleton (2 damage)
             ... on level 4 of the Dungeon.
             The game lasted 00:05:19 (1433 turns).

brucemayne the Chopper (Hill Orc Monk)              Turns: 1433, Time: 00:05:19

Health: 0/39       AC:  9    Str: 14    XL:     4   Next: 98%
Magic:  4/4        EV:  6    Int: 10    God:
Gold:   75         SH:  0    Dex: 13    Spells: 1 memorised, 2 levels left

rFire  . . .     SeeInvis .     a - +0 hand axe
rCold  . . .     Gourm    .     t - +0 chain mail
rNeg   . . .     Faith    .     (no shield)
rPois  .         Spirit   .     q - +0 helmet
rElec  .         Dismiss  .     (no cloak)
rCorr  .         Reflect  .     (no gloves)
MR     .....     Harm     .     (no boots)
Stlth  ..........               (no amulet)
                                (no ring)
                                (no ring)

@: no status effects
A: no striking features
a: no special abilities


You were on level 4 of the Dungeon.
You were not hungry.

You visited 1 branch of the dungeon, and saw 4 of its levels.

You collected 75 gold pieces.

Inventory:

Hand Weapons
 a - a +0 hand axe (weapon)
Missiles
 i - 7 tomahawks (quivered)
Armour
 b - a +0 robe
 d - a cursed +0 large shield
 f - a +0 leather armour
 k - a +0 ring mail
 q - a +0 helmet (worn)
 t - a +0 chain mail (worn)
Scrolls
 e - a scroll of amnesia {unknown}
 h - 2 scrolls of identify {unknown}
 j - a scroll of remove curse {unknown}
 l - a scroll of noise {unknown}
 m - a scroll of fear {unknown}
 o - a scroll of teleportation {unknown}
 r - a scroll of random uselessness {unknown}
Potions
 g - a potion of lignification {unknown}
 n - a potion of haste {unknown}
 p - a potion of heal wounds {unknown}
Books
 s - a book of Cantrips

   Spells                             Type                      Level
   a - Confusing Touch                Hexes                        1
   b - Animate Skeleton               Necromancy                   1
   c - Summon Small Mammal            Summoning                    1
   d - Apportation                    Translocation                1
Comestibles
 c - 4 bread rations
 u - a chunk of flesh


   Skills:
 - Level 3.6 Fighting
 + Level 7.2 Axes
 - Level 2.4 Dodging
 - Level 1.5 Stealth


You had 2 spell levels left.
You knew the following spells:

 Your Spells              Type           Power        Failure   Level  Hunger
a - Apportation           Tloc           #.........   100%        1    ##.....


Dungeon Overview and Level Annotations

Branches:
Dungeon (4/15)
 Temple: D:4-7

Altars:
Qazlal

Annotations:
D:4 brucemayne's ghost, amateur HOMo


Message History

The leopard gecko bites you.
* * * LOW HITPOINT WARNING * * *
You hit the leopard gecko.
You kill the leopard gecko!
You hit the centaur skeleton.
The centaur skeleton is severely damaged.
The centaur skeleton hits you but does no damage.
You hit the centaur skeleton.
The centaur skeleton is almost destroyed.
The centaur skeleton hits you but does no damage.
You hit the centaur skeleton.
The centaur skeleton is almost destroyed.
The centaur skeleton hits you.
* * * LOW HITPOINT WARNING * * *
The centaur skeleton hits you.
* * * LOW HITPOINT WARNING * * *
You hit the centaur skeleton.
The centaur skeleton is almost destroyed.
The centaur skeleton hits you.
You die...

.....#.##...(.....# .
.....#.#####.<#.### ...
.....#.# #..#.#
#####.... .....#.#
###....###.....#
.....#.###.....##......#
######.#...........#####
###.#.>.#......##
#.....###..##Z##
#.#.#......##@#
#..#.#####..##..# #. #.#
#.####... .. #.# #.#
.### .. #.# ... .. ...
... ... ..# #. ..... ?.#
..... ... .......


You could see a centaur skeleton.

Vanquished Creatures
  Robin (D:3)
  4 adders
  2 dart slugs (D:1)
  3 leopard geckos
  5 orcs (D:3)
  12 goblins
  5 hobgoblins (D:3)
  3 jackals (D:3)
  3 quokkas
  A ball python (D:2)
  4 bats
  2 frilled lizards (D:2)
  5 kobolds
  6 rats
56 creatures vanquished.

Notes
Turn   | Place    | Note
-------+----------+-------------------------------------------
     0 | D:1      | brucemayne the Hill Orc Monk began the quest for the Orb.
     0 | D:1      | Reached XP level 1. HP: 19/19 MP: 1/1
   114 | D:1      | Reached XP level 2. HP: 24/26 MP: 2/2
   181 | D:2      | Reached skill level 5 in Axes
   260 | D:1      | Reached XP level 3. HP: 5/31 MP: 3/3
   469 | D:3      | Noticed Robin
   610 | D:3      | Reached skill level 6 in Axes
   634 | D:3      | HP: 1/31 [poisoned by an adder]
   995 | D:3      | Reached XP level 4. HP: 37/39 MP: 4/4
  1078 | D:3      | Killed Robin
  1137 | D:4      | Noticed brucemayne's ghost (amateur HOMo)
  1153 | D:3      | Reached skill level 7 in Axes
  1253 | D:3      | Learned a level 1 spell: Apportation
  1359 | D:3      | Found a stormy altar of Qazlal.
  1433 | D:4      | Slain by a centaur skeleton

Vault maps used:
D:1:      nagdon_arrival_zigzag_paths, minmay_octomino_c4
D:2:      nicolae_overflow_hidden_temple, uniq_natasha
D:3:      grunt_qazlal_clouds, uniq_crazy_yiuf_cottage, uniq_robin

Skill      XL: |  1  2  3  4 |
---------------+-------------+-----
Axes           | 5 6 7 |  7.2
Fighting       | |  3.6
Dodging        | |  2.4
Stealth        | |  1.5

Action                   |  1- 3 |  4- 6 || total
-------------------------+-------+-------++-------
Melee: Hand axe          |   110 |   112 ||   222
  Eat: Chunk             |       |     2 ||     2
Armor: Leather armour    |    12 |       ||    12
       Ring mail         |    21 |    29 ||    50
       Chain mail        |       |    13 ||    13
Dodge: Dodged            |    67 |    52 ||   119
